 Dungeon Crawl Stone Soup version 0.28-a0-479-g5baa6b73be (webtiles) character file.

Game seed: 8990267777882984499

19168 Conn the Arsonist (level 12, -12/72 HPs)
             Began as an Octopode Fire Elementalist on Sept 19, 2021.
             Was an Elder of Sif Muna.
             Mangled by a two-headed ogre (30 damage)
             ... on level 12 of the Dungeon.
             The game lasted 01:05:31 (17911 turns).

Conn the Arsonist (Octopode Fire Elementalist)     Turns: 17911, Time: 01:05:31

Health: -12/72     AC:  1    Str: 14    XL:     12   Next: 66%
Magic:  13/25      EV: 15    Int: 22    God:    Sif Muna [****..]
Gold:   662        SH:  0    Dex: 20    Spells: 1/29 levels left

rFire   . . .      SeeInvis +   e - +5 dagger (drain)
rCold   . . .      Faith    .   (no shield)
rNeg    + . .      Spirit   .   I - +0 hat
rPois   .          Reflect  .   (no amulet)
rElec   .          Harm     .   d - +6 ring of strength
rCorr   +          Rampage  .   j - ring of positive energy
Will    +....                   t - ring of willpower
Stlth   +++++.....              v - ring of see invisible
HPRegen 0.22/turn               B - ring of resist corrosion
MPRegen 0.19/turn               p - +6 ring of dexterity
                                (no ring)
                                (no ring)

@: no status effects
A: almost no armour, amphibious, 8 rings, camouflage 1, gelatinous body 1,
(nimble swimmer 1), tentacles, agile 1
a: Renounce Religion, Channel Magic, Forget Spell, Divine Exegesis


You were on level 12 of the Dungeon.
You worshipped Sif Muna.
Sif Muna was greatly pleased with you.
You visited 2 branches of the dungeon, and saw 13 of its levels.

You collected 662 gold pieces.

Inventory:

Hand Weapons
 e - a +5 dagger of draining (weapon)
 C - a +1 dagger of venom
 J - the +4 spear of Foolhardiness {venom, *Rage rElec Str-5 Int+4}
   (You found it on level 11 of the Dungeon)

   It poisons the flesh of those it strikes.
   Str:       It affects your strength (-5).
   Int:       It affects your intelligence (+4).
   rElec:     It insulates you from electricity.
   *Rage:     It lets you go berserk by making a melee attack (+20% chance).
Missiles
 l - 2 curare-tipped darts (quivered)
 q - 81 poisoned darts
Armour
 I - a +0 hat (worn)
Jewellery
 d - a +6 ring of strength (left tentacle)
 h - a ring of ice
 j - a ring of positive energy (right tentacle)
 p - a +6 ring of dexterity (on tentacle)
 t - a ring of willpower (on tentacle)
 v - a ring of see invisible (on tentacle)
 y - a ring of ice
 B - a ring of resist corrosion (on tentacle)
Wands
 a - a wand of acid (2)
 f - a wand of polymorph (7)
 w - a wand of iceblast (6)
 D - a wand of flame (22)
 H - a wand of charming (4)
Scrolls
 b - 3 scrolls of immolation
 c - a scroll of fear
 g - 3 scrolls of fog
 i - 4 scrolls of noise
 m - 3 scrolls of amnesia
 n - 3 scrolls of teleportation
 s - a scroll of holy word
 A - a scroll of summoning
 F - 3 scrolls of identify
Potions
 o - a potion of cancellation
 r - 2 potions of flight
 u - a potion of mutation
 x - a potion of berserk rage
 z - a potion of heal wounds
 E - 2 potions of might {unknown}
 G - 2 potions of curing


   Skills:
 + Level 2.7 Fighting
 + Level 2.6 Short Blades
 + Level 1.1 Throwing
 + Level 3.7 Dodging
 + Level 7.6 Stealth
 + Level 9.1 Spellcasting
 * Level 10.0 Conjurations
 - Level 2.0 Hexes
 * Level 4.2 Translocations
 * Level 11.9 Fire Magic
 * Level 4.3 Invocations
 + Level 1.1 Evocations


You had one spell level left.
You knew the following spells:

 Your Spells              Type           Power      Damage    Failure   Level
a - Foxfire               Conj/Fire      100%       2x1d9     1%          1
b - Conjure Flame         Conj/Fire      55%        6-21      1%          3
c - Inner Flame           Hex/Fire       40%        N/A       1%          3
d - Flame Wave            Conj/Fire      55%        3d10      1%          4
e - Sticky Flame          Conj/Fire      55%        2d7       1%          4
f - Fireball              Conj/Fire      27%        3d12      1%          5
g - Iskenderun's Mystic   Conj/Tloc      41%        2d9       3%          4
h - Fulminant Prism       Conj/Hex       18%        3d11      5%          4

Your spell library contained the following spells:

 Spells                   Type           Power      Damage    Failure   Level
 Pain                     Necr           40%        1d6       7%          1
 Scorch                   Fire           100%       2d10      1%          2
 Slow                     Hex            19%        N/A       4%          2
 Confusing Touch          Hex            19%        N/A       9%          3
 Corpse Rot               Necr/Air       N/A        N/A       10%         2
 Passwall                 Tmut/Erth      8%         N/A       10%         2
 Poisonous Vapours        Pois/Air       20%        N/A       10%         2
 Sublimation of Blood     Necr           5%         N/A       10%         2
 Wereblood                Tmut           10%        N/A       10%         2
 Swiftness                Air            10%        N/A       21%         3
 Vampiric Draining        Necr           5%         2d6       21%         3
 Animate Dead             Necr           5%         N/A       54%         4
 Conjure Ball Lightning   Conj/Air       16%        3x3d6     78%         6
 Agony                    Necr           10%        N/A       88%         5
 Borgnjor's Vile Clutch   Necr/Erth      5%         N/A       88%         5
 Excruciating Wounds      Necr           5%         N/A       88%         5
 Lee's Rapid Deconstruct  Erth           5%         3d7*      88%         5
 Invisibility             Hex            9%         N/A       99%         6
 Death Channel            Necr           5%         N/A       100%        6
 Haunt                    Necr/Summ      5%         N/A       100%        7
 Summon Hydra             Summ           5%         N/A       100%        7
 Infestation              Necr           5%         N/A       100%        8


Dungeon Overview and Level Annotations

Branches:
Dungeon (12/15)            Temple (1/1) D:5            Lair (0/6) D:11
    Orc (0/2) D:12

Altars:
Ashenzari
Cheibriados
Dithmenos
Elyvilon
Fedhas
Gozag
Hepliaklqana
Kikubaaqudgha
Makhleb
Nemelex Xobeh
Okawaru
Sif Muna
Trog
Uskayaw
Vehumet
Xom
Yredelemnul
The Shining One

Shops:
D:6 :   D:10 [

Annotations:
D:11 1 runed translucent door, Marsius's ghost, journeyman GrEE


Innate Abilities, Weirdness & Mutations

You cannot wear most types of armour.
You are amphibious.
You can wear up to eight rings at the same time.
Your skin changes colour to match your surroundings (Stealth+).
Your rubbery body absorbs attacks. (AC +1, EV +1)
((You are camouflaged near water. (Stealth+)))
You have tentacles for arms and can constrict up to eight enemies at once.
You are agile. (Dex +2)


Message History

You destroy the vampire mosquito!
Sif Muna accepts your kill.
The flame wave engulfs the vampire mosquito!!
You destroy the vampire mosquito!
Sif Muna accepts your kill.
The flame wave engulfs the vampire mosquito!!
You destroy the vampire mosquito!
Sif Muna accepts your kill.
The flame wave engulfs the vampire mosquito.
The vampire mosquito is severely damaged.
The vampire mosquito completely misses you.
A wave of flame ripples out!
The flame wave engulfs the vampire mosquito!
You destroy the vampire mosquito!
Sif Muna accepts your kill.
You finish channelling waves of flame.
Unknown command.
A two-headed ogre comes into view.
It is wielding a +0 giant spiked club and a +0 giant club.
Casting: Flame Wave (mildly dangerous; 1% risk of failure)
Confirm with . or Enter, or press ? or * to list all spells.
Aiming: Inner Flame (safe; 1% risk of failure)
Press: ? - help, Shift-Dir - straight line, f - two-headed ogre
Aim: a two-headed ogre, wielding a +0 giant spiked club and a +0 giant club (chance to affect: 79%)
The two-headed ogre is filled with an inner flame.
Unknown command.
Casting: Inner Flame (safe; 1% risk of failure)
Confirm with . or Enter, or press ? or * to list all spells.
Aiming: Fulminant Prism (dangerous; 5% risk of failure)
Press: ? - help, Dir - move target, p - two-headed ogre You conjure a prism of explosive energy!
A fulminant prism comes into view.
You hear a loud crackle.
You hear an explosion!
There is an open door here.
There is an open door here.
There is an open door here.
The two-headed ogre hits you with a +0 giant spiked club!!
* * * LOW HITPOINT WARNING * * *
The two-headed ogre hits you with a +0 giant club!!
You die...

##.# ***,******* #.#
*##....#*** ***** ####'###
*.......,,* *,,,, #......#
*.......,,* *,*,* #..^...####
*.......,,* *,*,*
#......'..###.......,,* *,*,*
#......##...#.......,,***,*,,
#......####.#O......,,,,*,***
#......# #.@†......,,*,*,*,,
###'#### ###†......,,*,+,*,*
#.# *.......,,***,*,, #.#
*####.##*** ***** ##.# *,,#
** #..# *,** *, ****#'## *,*
**+ *,,*### *,* *,, **,,*
***********,**** *,,


You could see a two-headed ogre.

Vanquished Creatures
  A catoblepas (D:9)
  4 two-headed ogres
  Pikel (D:6)
  The ghost of papapa55 the Cudgeller, a novice MiBe of Trog (D:4)
  An ugly thing (D:11)
  Maurice (D:8)
  Joseph (D:7)
  Maggie (D:8)
  A gargoyle (D:10)
  An unseen horror (D:11)
  A kobold demonologist (D:10)
  A komodo dragon (D:11)
  3 trolls
  2 hornets
  Prince Ribbit (D:5)
  3 vampires
  Sigmund (D:2)
  16 yaks
  2 wraiths
  3 wyverns
  2 steam dragons
  13 vampire mosquitoes
  Duvessa (D:5)
  3 water moccasins
  2 sky beasts
  An ice beast (D:8)
  5 orc warriors
  An ogre (D:6)
  4 centaurs
  4 lemures (D:6)
  3 kobold brigands
  3 bullfrogs
  A gnoll sergeant (D:7)
  A wyvern zombie (D:9)
  A wyvern skeleton (D:6)
  Dowan (D:5)
  7 wights (D:8)
  4 killer bees (D:9)
  8 howler monkeys
  An electric eel (D:7)
  5 centaur zombies
  2 jellies
  4 hounds
  3 bullfrog skeletons
  2 orc priests
  8 orc wizards
  A scorpion zombie (D:5)
  A killer bee zombie (D:7)
  5 howler monkey zombies
  3 adders
  7 gnolls
  A shadow imp (D:8)
  A white imp (D:7)
  An ufetubus (D:6)
  9 dart slugs
  32 orcs
  4 bats
  6 endoplasms
  A giant cockroach (D:3)
  5 goblins
  16 hobgoblins
  6 jackals
  4 quokkas
  6 ball pythons
  A frilled lizard (D:1)
  22 kobolds
  4 rats
272 creatures vanquished.

Vanquished Creatures (collateral kills)
  Harold (D:8)
  3 foxfires (D:1)
4 creatures vanquished.

Vanquished Creatures (others)
  783 foxfires
  A fulminant prism (D:12)
  2 plants (D:1)
786 creatures vanquished.

Grand Total: 1062 creatures vanquished

Notes
Turn   | Place    | Note
-------+----------+-------------------------------------------
     0 | D:1      | Conn the Octopode Fire Elementalist began the quest for the
                  | Orb.
     0 | D:1      | Reached XP level 1. HP: 11/11 MP: 3/3
   414 | D:1      | Reached XP level 2. HP: 17/17 MP: 0/5
  1211 | D:2      | Reached XP level 3. HP: 21/21 MP: 6/6
  1698 | D:2      | Noticed Sigmund
  1707 | D:2      | Learned a level 3 spell: Conjure Flame
  1751 | D:2      | Gained mutation: You are agile. (Dex +2) [potion of
                  | mutation]
  1755 | D:2      | Killed Sigmund
  1756 | D:2      | Reached skill level 4 in Fire Magic
  1756 | D:2      | Reached XP level 4. HP: 6/27 MP: 0/8
  1756 | D:2      | Reached XP level 5. HP: 7/31 MP: 0/9
  2184 | D:2      | Found a shimmering altar of Xom.
  2429 | D:3      | Learned a level 3 spell: Inner Flame
  2735 | D:3      | Found a faded altar of an unknown god.
  3505 | D:4      | Reached XP level 6. HP: 36/36 MP: 6/10
  3554 | D:4      | Reached skill level 5 in Stealth
  4421 | D:4      | Learned a level 4 spell: Flame Wave
  4438 | D:5      | Entered Level 5 of the Dungeon
  4656 | D:5      | Found a runed translucent door.
  4656 | D:5      | Noticed papapa55's ghost (novice MiBe)
  4656 | D:5      | Noticed a troll
  4844 | D:5      | Found a staircase to the Ecumenical Temple.
  4853 | Temple   | Entered the Ecumenical Temple
  4883 | Temple   | Became a worshipper of Sif Muna the Loreminder
  4965 | D:5      | Reached XP level 7. HP: 42/42 MP: 12/12
  5346 | D:5      | Reached skill level 1 in Short Blades
  5346 | D:5      | Reached skill level 1 in Hexes
  5485 | D:5      | Noticed Prince Ribbit
  5519 | D:5      | Killed Prince Ribbit
  5520 | D:5      | Reached skill level 1 in Fighting
  5520 | D:5      | Reached skill level 5 in Fire Magic
  5611 | D:5      | Noticed Dowan
  5613 | D:5      | Noticed Duvessa
  5616 | D:5      | Killed Dowan
  5727 | D:5      | Killed Duvessa
  5728 | D:5      | Reached XP level 8. HP: 46/48 MP: 0/13
  6223 | D:6      | Identified a scroll of acquirement
  6224 | D:6      | Acquired Vehumet's Collected Works on Arcane Weapons
  6330 | D:6      | Learned a level 4 spell: Sticky Flame
  6348 | D:6      | Noticed a wyvern
  6592 | D:7      | Reached skill level 1 in Throwing
  6592 | D:7      | Reached * piety under Sif Muna
  6806 | D:6      | Killed a wyvern
  6807 | D:6      | Reached skill level 6 in Fire Magic
  7243 | D:6      | Reached skill level 5 in Conjurations
  7285 | D:6      | Reached XP level 9. HP: 25/53 MP: 16/16
  7674 | D:6      | Reached skill level 5 in Spellcasting
  7764 | D:6      | Found Ruechur's Self-Improvement Boutique.
  8159 | D:6      | Noticed Pikel
  8324 | D:6      | Killed Pikel
  8325 | D:6      | Reached skill level 7 in Fire Magic
  9012 | D:7      | Reached skill level 8 in Fire Magic
  9135 | D:7      | Reached ** piety under Sif Muna
  9659 | D:7      | Noticed Joseph
  9669 | D:7      | Killed Joseph
  9670 | D:7      | Reached XP level 10. HP: 31/60 MP: 12/19
 10226 | D:8      | Learned a level 5 spell: Fireball
 10439 | D:8      | Noticed Maggie
 10441 | D:8      | Reached skill level 9 in Fire Magic
 10445 | D:8      | Killed Maggie
 10845 | D:8      | Noticed Maurice
 10955 | D:8      | Reached skill level 1 in Evocations
 11361 | D:8      | Killed Maurice
 11535 | D:8      | Noticed Harold
 11540 | D:8      | Killed Harold
 11541 | D:8      | Reached skill level 10 in Fire Magic
 12113 | D:9      | Noticed a catoblepas
 12114 | D:9      | Reached XP level 11. HP: 45/64 MP: 15/21
 12416 | D:9      | Found a sparkling altar of Nemelex Xobeh.
 12574 | D:9      | Noticed a two-headed ogre
 12580 | D:9      | Killed a two-headed ogre
 12727 | D:8      | Learned a level 4 spell: Iskenderun's Mystic Blast
 12737 | D:9      | Reached *** piety under Sif Muna
 12993 | D:9      | Killed a catoblepas
 13111 | D:9      | Found a burning altar of Makhleb.
 13351 | D:9      | Reached skill level 1 in Translocations
 13676 | D:9      | Noticed a two-headed ogre
 13686 | D:9      | Noticed a two-headed ogre
 13687 | D:9      | Killed a two-headed ogre
 13688 | D:9      | Reached skill level 1 in Invocations
 13696 | D:9      | Killed a two-headed ogre
 14226 | D:10     | Entered Level 10 of the Dungeon
 14282 | D:10     | Found a bloodstained altar of Trog.
 14309 | D:10     | Reached skill level 11 in Fire Magic
 15539 | D:10     | Found Eceka's Armour Shop.
 15672 | D:10     | Reached XP level 12. HP: 22/71 MP: 20/24
 16234 | D:4      | Killed papapa55's ghost
 16565 | D:9      | Learned a level 4 spell: Fulminant Prism
 16610 | D:11     | Reached **** piety under Sif Muna
 16705 | D:11     | Noticed a two-headed ogre
 16976 | D:11     | Killed a two-headed ogre
 17146 | D:11     | Found a staircase to the Lair.
 17597 | D:11     | Noticed Marsius's ghost (journeyman GrEE)
 17598 | D:11     | Found a runed translucent door.
 17598 | D:11     | Found a shimmering altar of Xom.
 17613 | D:11     | Identified the +4 spear of Foolhardiness {venom, *Rage
                  | rElec Str-5 Int+4}
 17764 | D:11     | Reached skill level 10 in Conjurations
 17882 | D:12     | Noticed a two-headed ogre
 17911 | D:12     | Mangled by a two-headed ogre

Illustrated notes

Levels and vault maps discovered:
D:1:      psy_arrival_radial02, layout_basic, nrook_uturn, serial_bayou_lake_a
D:2:      layout_loops_corners, basic_altar, minmay_misc_feat_ornament,
          minmay_goblin_outpost, uniq_sigmund
D:3:      layout_basic, serial_rivers, chequers_serial_rivers_small_3,
          chequers_serial_rivers_small_3, chequers_serial_rivers_micro_a,
          chequers_serial_rivers_large_a, chequers_serial_rivers_room_b,
          chequers_serial_rivers_micro_e,
          hellmonk_ecumenical_altar_pennies_from_heaven
D:4:      layout_gridville
D:5:      layout_basic, minmay_temple_entry_poolview, ebering_ghost_inner_flame,
          uniq_prince_ribbit1, uniq_duvessa
D:6:      layout_loops_cross, minmay_door_square, nicolae_shop_self_help,
          uniq_pikel
D:7:      kennysheep_slugbush, layout_basic, fountainhead, uniq_joseph
D:8:      layout_loops_cross, uniq_harold, uniq_maurice, uniq_maggie
D:9:      layout_loops_ring, hangedman_feature_mirror
D:10:     layout_loops_corners, mainiacjoe_overflow_alcove_2, serial_shops,
          shop, minmay_misc_feat_rows, grunt_ministairs_4
D:11:     layout_gridville, lair_entry_dummy, ebering_ghost_xom
D:12:     layout_roguey, david_orc_3, portal_ice_cave_entry_imps,
          lemuel_another_geyser
Temple:   grunt_wide_crystal_templ

Skill      XL: |  1  2  3  4  5  6  7  8  9 10 11 12 |
---------------+-------------------------------------+-----
Stealth        | 3 4 5 6 7 |  7.6
Conjurations   | 2 3 5 6 8 9 10 | 10.0
Fire Magic     | 4 5 6 8 10 11 | 11.9
Spellcasting   | 3 4 6 7 8 9 |  9.1
Short Blades   | 1 2 |  2.6
Hexes          | 2 |  2.0
Fighting       | 1 2 |  2.7
Throwing       | 1 |  1.1
Evocations     | 1 |  1.1
Dodging        | 3 |  3.7
Translocations | 3 4 |  4.2
Invocations    | 3 4 |  4.3

Action                   |  1- 3 |  4- 6 |  7- 9 | 10-12 || total
-------------------------+-------+-------+-------+-------++-------
Melee: Tentacles         |     3 |    11 |    14 |    11 ||    39
       Dagger            |    13 |    43 |    51 |    49 ||   156
       Constrict         |     4 |    11 |    12 |    10 ||    37
       Unarmed           |     1 |       |       |       ||     1
Throw: Dart              |       |       |    11 |       ||    11
       Throwing net      |       |       |       |     1 ||     1
 Cast: Foxfire           |    41 |    74 |   187 |   153 ||   455
       Conjure Flame     |       |     1 |    13 |    10 ||    24
       Inner Flame       |       |       |    23 |    37 ||    60
       Sticky Flame      |       |       |     1 |    13 ||    14
       Fireball          |       |       |       |    21 ||    21
       Flame Wave        |       |       |       |     7 ||     7
       Iskenderun's Myst |       |       |       |     9 ||     9
       Fulminant Prism   |       |       |       |     1 ||     1
Invok: Channel Magic     |       |       |       |     1 ||     1
Evoke: Wand              |       |       |     6 |     2 ||     8
  Use: Potion            |     4 |       |     4 |       ||     8
       Scroll            |       |       |     7 |    15 ||    22
 Stab: Sleeping          |     4 |    10 |     4 |    11 ||    29
Armor: Skin              |       |     3 |       |     7 ||    10
Dodge: Dodged            |     7 |    25 |    40 |    85 ||   157

Table legend: (Time is in decaauts)
 A = Elapsed time spent in this place.
 B = Non-inter-level travel time spent in this place.
 C = Inter-level travel time spent in this place.
 D = Time resting spent in this place.
 E = Time spent auto-exploring this place.
 F = Levels seen in this place.
 G = Mean time per level.
                   A        B        C        D        E       F      G
               +--------+--------+--------+--------+--------+-----+--------+
         Total |  17944 |  17413 |    531 |   5051 |   8299 |  13 | 1380.3 |
       Dungeon |  17896 |  17382 |    514 |   5051 |   8286 |  12 | 1491.3 |
        Temple |     47 |     30 |     17 |      0 |     13 |   1 |   47.0 |
               +--------+--------+--------+--------+--------+-----+--------+

Top non-repeatable levels by time:
     D:8: 2289 daAuts
     D:7: 2159 daAuts
     D:6: 2040 daAuts
     D:5: 2009 daAuts
    D:10: 1858 daAuts
     D:9: 1612 daAuts
     D:2: 1574 daAuts
     D:4: 1371 daAuts
    D:11: 1154 daAuts
     D:3: 887 daAuts
     D:1: 846 daAuts
    D:12: 92 daAuts
  Temple: 47 daAuts
